 Dungeon Crawl Stone Soup version 0.26-a0-542-gbaa144ba5c (webtiles) character file.

Game seed: 15994211850257271050

(classic levelgen) 221778 EnegeticOcto the Executioner (level 17, -9/157 HPs)
             Began as a Deep Dwarf Fighter on Aug 18, 2020.
             Was the Champion of Makhleb.
             Hit by a large rock thrown by a stone giant (19 damage)
             ... on level 2 of the Depths.
             The game lasted 00:59:22 (7221 turns).

EnegeticOcto the Executioner (Deep Dwarf Fighter)   Turns: 7221, Time: 00:59:23

Health: -9/157     AC: 22    Str: 29    XL:     17   Next: 52%
Magic:  2/2        EV: 12    Int: 14    God:    Makhleb [******]
Gold:   174        SH:  5    Dex: 10    Spells: 16/16 levels left

rFire    + + .     SeeInvis .   v - +3 executioner's axe (vamp)
rCold    . . .     Faith    .   (shield currently unavailable)
rNeg     + + .     Spirit   .   N - +1 plate armour "Jiablate" {Str+5}
rPois    +         Reflect  +   (helmet restricted)
rElec    .         Harm     .   O - +0 cloak
rCorr    .         Rnd*Rage +   x - +2 pair of gloves {archery}
MR       +++++     Rnd*Tele +   (no boots)
Stlth    ..........             r - amulet "Zodid" {Reflect *Drain +Inv MR+++ SH+5}
HPRegen  0.00/turn              i - ring "Rosus" {rPois rF+ MR+}
MPRegen  0.08/turn              m - ring "Ixest" {Wiz rF+ rN+ Int+4}

@: very slightly contaminated, non-regenerating
A: damage resistance, heal wounds, horns 1, slimy green scales 1, berserk 1,
clumsy 1, deterioration 1, negative energy resistance 1, sense surroundings 2,
teleportitis 1, weak 1, no regeneration
}: 3/15 runes: decaying, slimy, gossamer
a: Heal Wounds, Minor Destruction, Lesser Servant of Makhleb, Major Destruction,
Greater Servant of Makhleb, Renounce Religion, Evoke Invisibility


You were on level 2 of the Depths.
You worshipped Makhleb.
Makhleb was exalted by your worship.
You visited 8 branches of the dungeon, and saw 38 of its levels.
You also visited: Bailey and Gauntlet.

You collected 944 gold pieces.
You spent 770 gold pieces at shops.

Inventory:

Hand Weapons
 v - a +3 vampiric executioner's axe (weapon)
Armour
 e - +0 acid dragon scales
 h - a +0 plate armour of poison resistance
 u - the +0 helmet "Ylete" {rElec rN+ Str-3 Dex+4}
   (You found it in a Gauntlet)

   It affects your strength (-3).
   It affects your dexterity (+4).
   It insulates you from electricity.
   It protects you from negative energy.
 x - a +2 pair of gloves of archery (worn)
 L - a scarf of shadows
 N - the +1 plate armour "Jiablate" (worn) {Str+5}
   (You bought it in a shop on level 2 of the Orcish Mines)

   It affects your strength (+5).
 O - a +0 cloak (worn)
Magical Staves
 D - an uncursed staff of air
Jewellery
 i - the ring "Rosus" (left hand) {rPois rF+ MR+}
   (You found it on level 5 of the Pits of Slime)

   [ring of protection from fire]

   It protects you from fire.
   It protects you from poison.
   It affects your resistance to hostile enchantments.
 m - the ring "Ixest" (right hand) {Wiz rF+ rN+ Int+4}
   (You found it on level 5 of the Pits of Slime)

   [ring of wizardry]

   It improves your spell success rate.
   It affects your intelligence (+4).
   It protects you from fire.
   It protects you from negative energy.
 r - the amulet "Zodid" (around neck) {Reflect *Drain +Inv MR+++ SH+5}
   (You found it on level 5 of the Pits of Slime)

   [amulet of reflection]

   It shields you and reflects attacks.
   It affects your resistance to hostile enchantments.
   It lets you turn invisible.
   It causes draining when unequipped.
   It affects your SH (+5).
 w - an uncursed ring of ice
 B - the ring of the Spinneret {*Corrode +Fly rF+ Str+7}
   (You found it in a Gauntlet)

   [ring of flight]

   It affects your strength (+7).
   It protects you from fire.
   It lets you fly.
   It may corrode you when you take damage.
 K - a +4 ring of evasion {unknown}
Wands
 q - a wand of acid (16) {@v1}
 z - a wand of iceblast (2) {@v2}
 E - a wand of random effects (21)
 F - a wand of enslavement (13)
 G - a wand of paralysis (1)
 J - a wand of flame (36) {@v4}
Scrolls
 a - a scroll of vulnerability
 g - 5 scrolls of remove curse {@r2}
 l - a scroll of teleportation {@r3 !r}
 t - a scroll of enchant armour
 y - a scroll of immolation
 A - 3 scrolls of fog {!r}
Potions
 b - 3 potions of stabbing {@q5 !q}
 c - 2 potions of lignification {@q6}
 d - 3 potions of might {@q3 !q}
 j - 4 potions of ambrosia
 k - a potion of curing {@q1 !q}
 n - 2 potions of haste {@q4 !q}
 o - 4 potions of heal wounds {@q2 !q}
 s - a potion of cancellation
 M - 2 potions of berserk rage
 Q - 3 potions of magic
 R - 2 potions of flight
 S - 2 potions of resistance
 T - a potion of invisibility
Miscellaneous
 p - a phantom mirror
 C - a phial of floods
 H - a lightning rod (4/4)
 I - a tin of tremorstones (1/3)
 P - a box of beasts (1/3)


   Skills:
 + Level 11.5 Fighting
 * Level 22.5 Axes
 + Level 10.4 Armour
 + Level 10.3 Dodging
   Level 3.2 Shields
 - Level 15.0 Invocations
 - Level 12.0 Evocations


You had 16 spell levels left.
You didn't know any spells.
Your spell library was empty.

Dungeon Overview and Level Annotations

Branches:
Dungeon (15/15)            Temple (1/1) D:4            Lair (5/6) D:9
  Swamp (4/4) Lair:2       Spider (4/4) Lair:3        Slime (5/5) Lair:5
    Orc (2/2) D:9          Depths (2/5) D:15         Bailey (visited)
Gauntlet (visited)
    Elf: Orc:2       Vaults: D:13-14

Altars:
Ashenzari
Cheibriados
Fedhas
Gozag
Makhleb
Trog
Wu Jian
Yredelemnul
Zin
Beogh
Jiyva

Shops:
D:11 !   Orc:2 :[(

Portals:
Hell: Depths:1

Annotations:
Lair:4 exclusion: 2 oklob plants


Innate Abilities, Weirdness & Mutations

You are resistant to damage.
You can heal yourself by infusing magical energy.
You resist negative energy. (rN+)
You passively map the area around you.
You do not regenerate.
You have a pair of small horns on your head.
You are partially covered in slimy green scales. (AC +2)
You tend to lose your temper in combat.
You are clumsy. (Dex -2)
Your body sometimes deteriorates upon taking damage.
You are occasionally teleported next to monsters.
You are weak. (Str -2)


Message History

You slice the spark wasp!!
You feel better.
Your headbutt misses the spark wasp.
The spark wasp is almost dead.
You hit the spark wasp but do no damage.
You slice the slime creature!! You slash the slime creature!
You hit the slime creature. The slime creature misses you.
You block the spark wasp's attack.
The slime creature hits you but does no damage.
The spark wasp stings you! The spark wasp shocks you!
The slime creature hits you.
You closely miss the spark wasp.
The spark wasp is almost dead.
You slice the slime creature like a ripe choko!!!
You feel better.
You slice the spark wasp!! You barely miss the slime creature.
You hit the slime creature. x2
The spark wasp stings you but does no damage.
The spark wasp misses you.
The slime creature hits you but does no damage.
The slime creature closely misses you. The slime creature hits you!
You barely miss the spark wasp. Your headbutt misses the spark wasp.
The spark wasp is almost dead.
You slice the slime creature!!
You kill the slime creature!
Makhleb accepts your kill.
You feel better.
You closely miss the spark wasp. You slice the slime creature!!
You slash the slime creature!
You kill the slime creature!
Makhleb accepts your kill.
You hit the slime creature but do no damage.
You hear a grinding noise.
The spark wasp stings you! The spark wasp shocks you!
You block the spark wasp's attack. The slime creature closely misses you.
You open the spark wasp like a pillowcase!!!
You kill the spark wasp!
Makhleb accepts your kill.
You feel better.
You feel your intelligence returning.
You slash the spark wasp!
You feel better.
You slice the slime creature!!
You feel better.
You kill the slime creature!
Makhleb accepts your kill.
Training target 15.0 for Invocations reached!
Your Invocations skill increases to level 15!
You closely miss the spark wasp. You hit the slime creature.
The spark wasp misses you. You block the spark wasp's attack.
The slime creature barely misses you. The spark wasp stings you!!
The spark wasp shocks you!
You hit the spark wasp.
The spark wasp is almost dead.
You hit the golden dragon but do no damage.
You slash the slime creature!
You feel better.
Your plate armour "Jiablate" prevents you from hitting the spark wasp.
The spark wasp stings you! The spark wasp shocks you!
The slime creature hits you but does no damage.
The golden dragon bites you but does no damage.
The golden dragon barely misses you.
The golden dragon tramples you but does no damage.
The spark wasp stings you! The spark wasp shocks you!
The spark wasp stings you! The spark wasp shocks you!
You are too injured to fight recklessly!
Press: ? - help, Dir - move target cursor You are very lightly contaminated with residual magic.
As you read the scroll of blinking {@r4}, it crumbles to dust.
A frost giant comes into view.
It is wielding a +1 battleaxe of freezing.
The frost giant shouts!
A tengu warrior comes into view.
It is wielding a +0 battleaxe and wearing a +1 ring mail of poison resistance.
The spark wasp bursts into living lightning!
The living lightning hits you!!
* * * LOW HITPOINT WARNING * * *
The spark wasp blinks!
The frost giant gestures at you while chanting.
The bolt of cold hits you!
* * * LOW HITPOINT WARNING * * *
You feel much better.
The slime creature hits you but does no damage.
The spark wasp stings you!
* * * LOW HITPOINT WARNING * * *
The spark wasp shocks you!
* * * LOW HITPOINT WARNING * * *
Your magical essence is drained by the effort!
You feel much better.
The slime creature hits you but does no damage.
The spark wasp stings you!!
* * * LOW HITPOINT WARNING * * *
The spark wasp shocks you!
* * * LOW HITPOINT WARNING * * *
Okay, then.
You feel much better. The spark wasp closely misses you.
The slime creature closely misses you.
The frost giant hits you with a +1 battleaxe of freezing!!
* * * LOW HITPOINT WARNING * * *
The frost giant freezes you. The spark wasp completely misses you.
You feel much better. The slime creature hits you!
* * * LOW HITPOINT WARNING * * *
The spark wasp stings you!
* * * LOW HITPOINT WARNING * * *
The spark wasp shocks you!
* * * LOW HITPOINT WARNING * * *
The stone giant throws a large rock.
The large rock hits you!!
You die...

* , , ######## , *
####......## , *
##..........## * ,
#....^....... ,
.##.....y.....# *, . ,
* ......y@D.J...###...
, , *
......C.J.#.......## *
*
*#.......C...........,
*, , ,
....Q.......†....(..
,*
.................... ,
,*
##.............#....
#.............# ... ,
*............... #.,,,
* , * ............ , ,


You could see a golden dragon, a frost giant, a stone giant, 2 spark wasps, 2
slime creatures and a tengu warrior.

Vanquished Creatures
  the Royal Jelly (Slime:5)
  9 acid blobs
  A thorn hunter (Swamp:4)
  7 azure jellies
  5 emperor scorpions (Spider:4)
  4 ghost moths
  An orc warlord (Orc:2)
  A stone giant (Depths:1)
  An entropy weaver (Spider:3)
  4 spark wasps
  A minotaur (Gauntlet)
  An ettin (Depths:1)
  A dire elephant (D:15)
  3 death oozes (Slime:5)
  2 great orbs of eyes
  12 hydras
  Fannar (D:11)
  A shambling mangrove (Swamp:4)
  A centaur warrior (D:13)
  2 catoblepae
  4 dancing weapons (D:13)
  4 alligators
  6 two-headed ogres
  2 orc high priests
  Nergalle (D:12)
  A sixfirhy (Gauntlet)
  3 skeletal warriors (D:13)
  9 swamp dragons
  2 spriggan druids
  8 orb spiders
  12 wolf spiders
  2 lindwurms (Swamp:4)
  4 shining eyes (Slime:2)
  An orc knight (Orc:2)
  3 orc sorcerers (Orc:2)
  5 oklob plants (Lair:5)
  2 manticores
  5 ugly things
  A cyclops (D:13)
  A torpor snail (Spider:2)
  A molten gargoyle (Lair:1)
  2 eyes of devastation
  4 spectral swamp worms (Depths:1)
  A gargoyle (D:15)
  2 komodo dragons (Lair:3)
  Maggie (D:8)
  5 cane toads
  An efreet (D:11)
  5 demonic crawlers
  11 yaktaurs
  2 kobold demonologists (Bailey)
  2 tengu conjurers (Depths:1)
  4 trolls
  A merfolk (D:15)
  3 meliai (D:15)
  14 jumping spiders
  5 tyrant leeches
  4 bog bodies
  A raiju (shapeshifter) (D:15)
  5 hippogriffs
  16 blink frogs
  7 hornets
  69 slime creatures
  35 redbacks
  4 spriggans
  3 wraiths
  A fire elemental (Lair:1)
  4 water elementals (Depths:1)
  10 yaks
  A wyvern (D:11)
  18 tarantellas
  3 fire bats (Lair:1)
  2 hogs (Spider:1)
  2 basilisks
  Grum (D:11)
  A golden eye (Slime:5)
  6 vampire mosquitoes
  8 swamp worms
  6 wargs
  7 insubstantial wisps
  A soldier ant (D:13)
  5 water moccasins
  10 swamp drakes
  A spectral torpor snail (Gauntlet)
  6 porcupines
  31 orc warriors
  An ice beast (D:11)
  A black bear (D:11)
  3 eyes of draining (Slime:2)
  A sky beast (D:10)
  7 ogres
  2 phantoms
  5 boggarts (D:15)
  3 wolves (D:11)
  3 centaurs
  3 crocodiles
  A big kobold (D:11)
  18 bullfrogs
  A water moccasin zombie (D:12)
  4 scorpions
  3 killer bees (D:10)
  13 wights
  4 howler monkeys (D:11)
  4 electric eels
  A lava snake (Lair:1)
  2 centaur zombies
  3 quasits
  3 bullfrog zombies (D:12)
  A hound (D:11)
  15 orc priests
  2 jellies
  3 centaur skeletons
  12 orc wizards
  3 iguanas
  5 worker ants
  2 hound zombies (D:11)
  4 gnolls (Bailey)
  10 adders
  2 shadow imps
  2 white imps (D:10)
  4 ufetubi (Gauntlet)
  2 adder skeletons (D:9)
  3 worms
  A leopard gecko (D:2)
  70 orcs
  7 goblins
  4 hobgoblins
  5 kobolds
  A quokka (D:11)
  2 bats
  2 frilled lizards
  2 rats (D:2)
  A briar patch (Swamp:4)
  A demonic plant (Gauntlet)
  2 plants (D:13)
721 creatures vanquished.

Vanquished Creatures (collateral kills)
  Rupert (Lair:4)
  5 acid blobs
  2 thorn hunters (Swamp:4)
  An azure jelly (Slime:4)
  A ghost moth (Spider:4)
  An emperor scorpion (Spider:4)
  2 fire dragons (Depths:1)
  A rakshasa (Depths:1)
  4 hydras
  An alligator (Swamp:4)
  3 swamp dragons (Swamp:4)
  A lindwurm (Swamp:4)
  A harpy (shapeshifter) (Depths:1)
  3 shining eyes
  4 orb spiders
  3 ugly things (Depths:1)
  2 wolf spiders
  A demonic crawler (Spider:1)
  A komodo dragon (Lair:4)
  2 tyrant leeches (Swamp:4)
  A troll (Orc:2)
  A blink frog (Swamp:4)
  3 slime creatures
  A wyvern (Lair:4)
  16 redbacks
  3 golden eyes (Slime:5)
  8 tarantellas
  A vampire mosquito (Swamp:4)
  2 swamp worms (Swamp:4)
  2 porcupines (Lair:4)
  An orc warrior (Orc:2)
  An eye of draining (Slime:5)
  A crocodile (Lair:4)
  2 bullfrogs (Lair:4)
  An orc priest (Orc:2)
  4 orcs (Orc:2)
88 creatures vanquished.

Vanquished Creatures (others)
  A two-headed ogre (D:12)
  2 cyclopes (D:12)
  A spectral swamp worm (Depths:1)
  A centaur skeleton (D:12)
  A hornet (Swamp:4)
  A tyrant leech (Swamp:3)
  A wyvern (D:12)
  A basilisk (D:12)
  2 swamp worms
  A swamp drake (Swamp:3)
  A hound (D:12)
  A bullfrog skeleton (D:13)
  An adder (D:12)
  2 orcs (D:12)
  3 demonic plants (Gauntlet)
  3 fungi (Lair:4)
  4 plants
27 creatures vanquished.

Grand Total: 836 creatures vanquished

Notes
Turn   | Place    | Note
-------+----------+-------------------------------------------
     0 | D:1      | EnegeticOcto the Deep Dwarf Fighter began the quest for the
                  | Orb.
     0 | D:1      | Reached XP level 1. HP: 20/20 MP: 1/1
    41 | D:2      | Reached skill level 3 in Axes
    41 | D:2      | Reached XP level 2. HP: 21/27 MP: 2/2
    81 | D:2      | Reached XP level 3. HP: 23/33 MP: 3/3
   100 | D:3      | Your magical essence is drained by the effort!
   101 | D:3      | Reached skill level 4 in Axes
   106 | D:3      | Reached XP level 4. HP: 33/40 MP: 3/3
   208 | D:4      | Found a staircase to the Ecumenical Temple.
   215 | D:4      | Your magical essence is drained by the effort!
   216 | D:4      | Reached skill level 5 in Axes
   224 | Temple   | Entered the Ecumenical Temple
   230 | Temple   | Became a worshipper of Makhleb the Destroyer
   260 | D:5      | Entered Level 5 of the Dungeon
   290 | D:5      | Reached XP level 5. HP: 40/46 MP: 3/3
   328 | D:6      | Reached skill level 6 in Axes
   338 | D:6      | Noticed an ogre
   350 | D:6      | Killed an ogre
   350 | D:6      | Reached skill level 7 in Axes
   350 | D:6      | Reached XP level 6. HP: 47/55 MP: 4/4
   464 | D:7      | Noticed an orc warrior
   488 | D:7      | Killed an orc warrior
   488 | D:7      | Reached skill level 8 in Axes
   488 | D:7      | Reached skill level 1 in Invocations
   542 | D:8      | Noticed Maggie
   553 | D:8      | Killed Maggie
   553 | D:8      | Reached skill level 3 in Invocations
   553 | D:8      | Reached XP level 7. HP: 50/61 MP: 5/7
   568 | D:8      | Reached skill level 9 in Axes
   628 | D:9      | Reached skill level 4 in Invocations
   647 | D:9      | Reached XP level 8. HP: 55/68 MP: 9/9
   651 | D:9      | Your magical essence is drained by the effort!
   654 | D:9      | Reached skill level 5 in Invocations
   662 | D:9      | Reached skill level 10 in Axes
   675 | D:9      | Found a staircase to the Lair.
   725 | D:9      | Noticed a five-headed hydra
   729 | D:10     | Entered Level 10 of the Dungeon
   734 | D:10     | Reached skill level 6 in Invocations
   771 | D:10     | Reached * piety under Makhleb
   776 | D:10     | Your magical essence is drained by the effort!
   790 | D:10     | Reached skill level 11 in Axes
   863 | D:10     | Noticed a hornet
   866 | D:10     | Paralysed by a hornet for 2 turns
   868 | D:10     | Killed a hornet
   943 | D:10     | Gained mutation: You passively map the area around you.
                  | [Deep Dwarf growth]
   943 | D:10     | Reached XP level 9. HP: 74/74 MP: 9/9
   970 | D:11     | Noticed an efreet
   978 | D:11     | Reached skill level 12 in Axes
  1003 | D:11     | Killed an efreet
  1021 | D:11     | Noticed a kobold demonologist
  1039 | D:11     | Found Qoazyemi's Distillery.
  1065 | D:11     | Bought a potion of berserk rage for 70 gold pieces
  1065 | D:11     | Bought a potion of invisibility for 112 gold pieces
  1083 | D:11     | Found a flagged portal.
  1083 | D:11     | Noticed Grum
  1093 | D:11     | Reached skill level 13 in Axes
  1094 | D:11     | Reached ** piety under Makhleb
  1098 | D:11     | Your magical essence is drained by the effort!
  1111 | D:11     | Your magical essence is drained by the effort!
  1113 | D:11     | Killed Grum
  1119 | Bailey   | Entered a bailey
  1144 | Bailey   | Your magical essence is drained by the effort!
  1146 | Bailey   | Reached skill level 14 in Axes
  1157 | Bailey   | Found an iron altar of Okawaru.
  1157 | Bailey   | Noticed a kobold demonologist
  1157 | Bailey   | Noticed a kobold demonologist
  1161 | Bailey   | Noticed an orange demon
  1167 | Bailey   | Noticed a red devil
  1169 | Bailey   | Killed a kobold demonologist
  1170 | Bailey   | Noticed an orange demon
  1170 | Bailey   | Reached XP level 10. HP: 63/81 MP: 7/7
  1195 | Bailey   | Your magical essence is drained by the effort!
  1392 | D:11     | Found a gate leading to a gauntlet.
  1402 | Gauntlet | Entered a Gauntlet
  1402 | Gauntlet | Found a transporter.
  1402 | Gauntlet | Found a transporter.
  1402 | Gauntlet | Noticed a sixfirhy
  1428 | Gauntlet | Found a transporter.
  1435 | Gauntlet | Your magical essence is drained by the effort!
  1437 | Gauntlet | Killed a sixfirhy
  1437 | Gauntlet | Reached skill level 15 in Axes
  1453 | Gauntlet | Reached *** piety under Makhleb
  1455 | Gauntlet | Found a transporter.
  1479 | Gauntlet | Found a transporter.
  1479 | Gauntlet | Found a transporter.
  1483 | Gauntlet | Noticed a death scarab
  1483 | Gauntlet | Noticed a death scarab
  1485 | Gauntlet | Noticed a spectral death yak
  1485 | Gauntlet | Noticed an entropy weaver
  1486 | Gauntlet | Noticed a spectral seven-headed hydra
  1493 | Gauntlet | Noticed a spectral eight-headed hydra
  1497 | Gauntlet | Found a transporter.
  1504 | Gauntlet | Got a faintly humming helmet
  1510 | Gauntlet | Got a bound glass ring
  1515 | Gauntlet | Found a transporter.
  1545 | Gauntlet | Noticed a minotaur
  1547 | Gauntlet | Your magical essence is drained by the effort!
  1556 | Gauntlet | Killed a minotaur
  1575 | Gauntlet | Identified the +0 helmet "Ylete" {rElec rN+ Str-3 Dex+4}
                  | (You found it in a Gauntlet)
  1575 | Gauntlet | Acquired a +0 vampiric executioner's axe
  1593 | Gauntlet | Identified the ring of the Spinneret {*Corrode +Fly rF+
                  | Str+7} (You found it in a Gauntlet)
  1636 | D:11     | Noticed Fannar
  1647 | D:11     | Noticed a manticore
  1649 | D:11     | Reached skill level 1 in Evocations
  1653 | D:11     | Reached skill level 3 in Fighting
  1653 | D:11     | Reached skill level 16 in Axes
  1653 | D:11     | Reached skill level 2 in Evocations
  1663 | D:11     | Your magical essence is drained by the effort!
  1671 | D:11     | Killed a manticore
  1680 | D:11     | Your magical essence is drained by the effort!
  1682 | D:11     | Your magical essence is drained by the effort!
  1684 | D:11     | Killed Fannar
  1684 | D:11     | Reached skill level 3 in Evocations
  1684 | D:11     | Reached XP level 11. HP: 67/90 MP: 1/3
  1757 | D:12     | Your magical essence is drained by the effort!
  1761 | D:11     | Your magical essence is drained by the effort!
  1769 | D:11     | Reached skill level 7 in Invocations
  1791 | D:12     | Reached skill level 4 in Fighting
  1791 | D:12     | Reached skill level 4 in Evocations
  1795 | D:12     | Killed a two-headed ogre
  1907 | D:12     | Reached **** piety under Makhleb
  1943 | D:11     | Noticed a white ugly thing
  1950 | D:11     | Killed a white ugly thing
  2065 | D:9      | Killed a five-headed hydra
  2065 | D:9      | Reached skill level 8 in Invocations
  2065 | D:9      | Reached skill level 5 in Evocations
  2091 | D:9      | Found a staircase to the Orcish Mines.
  2111 | D:9      | Your magical essence is drained by the effort!
  2114 | Orc:1    | Entered Level 1 of the Orcish Mines
  2189 | Orc:2    | Entered Level 2 of the Orcish Mines
  2189 | Orc:2    | Noticed a two-headed ogre
  2200 | Orc:2    | Noticed a two-headed ogre
  2208 | Orc:2    | Killed a two-headed ogre
  2213 | Orc:2    | Killed a two-headed ogre
  2213 | Orc:2    | Reached skill level 5 in Fighting
  2213 | Orc:2    | Reached skill level 17 in Axes
  2213 | Orc:2    | Reached skill level 6 in Evocations
  2271 | Orc:2    | Found a roughly hewn altar of Beogh.
  2273 | Orc:2    | Noticed an orc high priest
  2286 | Orc:2    | Noticed a sun demon
  2291 | Orc:2    | Killed an orc high priest
  2292 | Orc:2    | Your magical essence is drained by the effort!
  2293 | Orc:2    | Found Uskis's Book Shop.
  2327 | Orc:2    | Found a roughly hewn altar of Beogh.
  2359 | Orc:2    | Noticed an orc sorcerer
  2359 | Orc:2    | Noticed an orc knight
  2377 | Orc:2    | Killed an orc knight
  2377 | Orc:2    | Reached skill level 9 in Invocations
  2377 | Orc:2    | Reached XP level 12. HP: 81/103 MP: 1/1
  2407 | Orc:2    | Reached ***** piety under Makhleb
  2408 | Orc:2    | Noticed an orc warlord
  2418 | Orc:2    | Reached skill level 7 in Evocations
  2436 | Orc:2    | Found Owuvodoe's Antique Armour Shoppe.
  2437 | Orc:2    | Found a roughly hewn altar of Beogh.
  2440 | Orc:2    | Killed an orc warlord
  2440 | Orc:2    | Reached skill level 6 in Fighting
  2443 | Orc:2    | Found Wuylluaj's Antique Weapon Emporium.
  2476 | Orc:1    | Noticed an orc high priest
  2488 | Orc:1    | Killed an orc high priest
  2603 | Orc:2    | Bought a jewelled plate armour for 588 gold pieces
  2613 | Orc:2    | Identified the +1 plate armour "Jiablate" {Str+5} (You
                  | bought it in a shop on level 2 of the Orcish Mines)
  2716 | Lair:1   | Entered Level 1 of the Lair of Beasts
  2749 | Lair:1   | Reached skill level 18 in Axes
  2910 | Lair:4   | Noticed a catoblepas
  2919 | Lair:4   | Killed a catoblepas
  2946 | Lair:3   | Found a hole to the Spider Nest.
  2970 | Lair:3   | Gained mutation: You are agile. (Dex +2) [potion of
                  | mutation]
  2970 | Lair:3   | Gained mutation: Your muscles are strong. (Str +2) [potion
                  | of mutation]
  2971 | Lair:3   | Lost mutation: You are agile. (Dex +2) [potion of mutation]
  2971 | Lair:3   | Lost mutation: Your muscles are strong. (Str +2) [potion of
                  | mutation]
  2971 | Lair:3   | Gained mutation: You have a pair of small horns on your
                  | head. [potion of mutation]
  2971 | Lair:3   | Gained mutation: You are partially covered in slimy green
                  | scales. (AC +2) [potion of mutation]
  2973 | Spider:1 | Entered Level 1 of the Spider Nest
  2979 | Spider:1 | Reached skill level 7 in Fighting
  2985 | Spider:1 | Noticed a balrug
  3002 | Spider:1 | Reached skill level 10 in Invocations
  3025 | Spider:2 | Your magical essence is drained by the effort!
  3031 | Spider:2 | Your magical essence is drained by the effort!
  3032 | Spider:2 | Killed a ghost moth
  3040 | Spider:2 | Reached skill level 1 in Dodging
  3040 | Spider:2 | Reached XP level 13. HP: 80/115 MP: 1/1
  3136 | Spider:2 | Your magical essence is drained by the effort!
  3168 | Spider:2 | Reached skill level 4 in Armour
  3198 | Spider:2 | Reached skill level 2 in Dodging
  3263 | Spider:3 | Reached skill level 19 in Axes
  3324 | Spider:3 | Reached ****** piety under Makhleb
  3390 | Spider:3 | Noticed an entropy weaver
  3394 | Spider:3 | Killed an entropy weaver
  3394 | Spider:3 | Reached skill level 3 in Dodging
  3403 | Spider:4 | Entered Level 4 of the Spider Nest
  3430 | Spider:4 | Noticed a spark wasp
  3433 | Spider:4 | Reached skill level 5 in Armour
  3433 | Spider:4 | Reached skill level 11 in Invocations
  3438 | Spider:4 | Killed a spark wasp
  3476 | Spider:4 | Reached skill level 4 in Dodging
  3584 | Spider:4 | Noticed an emperor scorpion
  3587 | Spider:4 | Reached skill level 8 in Fighting
  3587 | Spider:4 | Noticed an emperor scorpion
  3596 | Spider:4 | Noticed a spark wasp
  3610 | Spider:4 | Killed an emperor scorpion
  3617 | Spider:4 | Killed an emperor scorpion
  3621 | Spider:4 | Killed a spark wasp
  3621 | Spider:4 | Reached skill level 6 in Armour
  3644 | Spider:4 | Gained mutation: You resist negative energy. (rN+) [Deep
                  | Dwarf growth]
  3644 | Spider:4 | Reached XP level 14. HP: 126/126 MP: 2/2
  3662 | Spider:4 | Reached skill level 5 in Dodging
  3673 | Spider:4 | Noticed an emperor scorpion
  3683 | Spider:4 | Killed a ghost moth
  3683 | Spider:4 | Killed an emperor scorpion
  3700 | Spider:4 | Noticed an emperor scorpion
  3700 | Spider:4 | Noticed an emperor scorpion
  3703 | Spider:4 | Noticed an emperor scorpion
  3703 | Spider:4 | Killed a ghost moth
  3713 | Spider:4 | Reached skill level 12 in Invocations
  3715 | Spider:4 | Killed a ghost moth
  3717 | Spider:4 | Killed a ghost moth
  3717 | Spider:4 | Reached skill level 20 in Axes
  3722 | Spider:4 | Killed an emperor scorpion
  3722 | Spider:4 | Reached skill level 6 in Dodging
  3735 | Spider:4 | Killed an emperor scorpion
  3737 | Spider:4 | Killed an emperor scorpion
  3737 | Spider:4 | Reached skill level 9 in Fighting
  3766 | Spider:4 | Got a gossamer rune of Zot
  4076 | Lair:4   | Noticed Rupert
  4089 | Lair:4   | Killed Rupert
  4292 | Lair:4   | Found a shattered altar of Ashenzari.
  4399 | Lair:2   | Found a staircase to the Swamp.
  4408 | Swamp:1  | Entered Level 1 of the Swamp
  4523 | Swamp:2  | Noticed a thorn hunter
  4567 | Swamp:3  | Reached XP level 15. HP: 138/138 MP: 4/4
  4573 | Swamp:3  | Reached skill level 8 in Evocations
  4741 | Swamp:4  | Entered Level 4 of the Swamp
  4747 | Swamp:4  | Noticed a thorn hunter
  4760 | Swamp:4  | Killed a thorn hunter
  4760 | Swamp:4  | Reached skill level 7 in Armour
  4760 | Swamp:4  | Reached skill level 7 in Dodging
  4772 | Swamp:4  | Your magical essence is drained by the effort!
  4774 | Swamp:4  | Your magical essence is drained by the effort!
  4837 | Swamp:4  | Reached skill level 21 in Axes
  4897 | Swamp:4  | Reached skill level 10 in Fighting
  4902 | Swamp:4  | Noticed a thorn hunter
  4909 | Swamp:4  | Reached skill level 9 in Evocations
  4909 | Swamp:4  | Noticed a thorn hunter
  4910 | Swamp:4  | Reached skill level 13 in Invocations
  4916 | Swamp:4  | Killed a thorn hunter
  4920 | Swamp:4  | Killed a thorn hunter
  4920 | Swamp:4  | Reached skill level 8 in Armour
  4935 | Swamp:4  | Got a decaying rune of Zot
  5112 | Lair:4   | Reached skill level 8 in Dodging
  5209 | Lair:5   | Found a staircase to the Slime Pits.
  5220 | Slime:1  | Entered Level 1 of the Pits of Slime
  5220 | Slime:1  | Noticed an acid blob
  5224 | Slime:1  | Killed an acid blob
  5230 | Slime:2  | Noticed an azure jelly
  5232 | Slime:2  | Gained mutation: You are clumsy. (Dex -2) [a shining eye]
  5244 | Slime:2  | Killed an azure jelly
  5268 | Slime:2  | Noticed an acid blob
  5277 | Slime:2  | Killed an acid blob
  5277 | Slime:2  | Reached XP level 16. HP: 145/147 MP: 2/4
  5280 | Slime:2  | Noticed an acid blob
  5291 | Slime:2  | Killed an acid blob
  5341 | Slime:2  | Gained mutation: Your body sometimes deteriorates upon
                  | taking damage. [a shining eye]
  5345 | Slime:2  | Reached skill level 10 in Evocations
  5357 | Slime:2  | Noticed an acid blob
  5374 | Slime:2  | Killed an acid blob
  5375 | Slime:2  | Gained mutation: You tend to lose your temper in combat. [a
                  | shining eye]
  5452 | Slime:4  | Reached skill level 9 in Armour
  5471 | Slime:5  | Entered Level 5 of the Pits of Slime
  5477 | Slime:5  | Noticed an acid blob
  5487 | Slime:5  | Noticed an acid blob
  5491 | Slime:5  | Killed an acid blob
  5491 | Slime:5  | Reached skill level 9 in Dodging
  5491 | Slime:5  | Reached skill level 14 in Invocations
  5497 | Slime:5  | Killed an acid blob
  5515 | Slime:5  | Found a viscous altar of Jiyva.
  5516 | Slime:5  | Noticed an acid blob
  5516 | Slime:5  | Noticed the Royal Jelly
  5518 | Slime:5  | Noticed an acid blob
  5520 | Slime:5  | Noticed an acid blob
  5520 | Slime:5  | Noticed an acid blob
  5528 | Slime:5  | Killed an acid blob
  5536 | Slime:5  | Killed an acid blob
  5541 | Slime:5  | Killed an acid blob
  5543 | Slime:5  | Killed an acid blob
  5543 | Slime:5  | Reached skill level 22 in Axes
  5550 | Slime:5  | Noticed an acid blob
  5555 | Slime:5  | Noticed an acid blob
  5557 | Slime:5  | Noticed an acid blob
  5557 | Slime:5  | Killed the Royal Jelly
  5557 | Slime:5  | Reached skill level 11 in Fighting
  5557 | Slime:5  | Reached skill level 11 in Evocations
  5560 | Slime:5  | Killed an acid blob
  5564 | Slime:5  | Your magical essence is drained by the effort!
  5589 | Slime:4  | Your magical essence is drained by the effort!
  5591 | Slime:4  | Your magical essence is drained by the effort!
  5629 | Slime:5  | Killed an acid blob
  5630 | Slime:5  | Killed an acid blob
  5633 | Slime:5  | Gained mutation: You are weak. (Str -2) [a shining eye]
  5638 | Slime:5  | Noticed an acid blob
  5643 | Slime:5  | Killed an acid blob
  5666 | Slime:5  | Got a vibrating glass ring
  5677 | Slime:5  | Got a bound steel ring
  5692 | Slime:5  | Got a slimy rune of Zot
  5694 | Slime:5  | Identified the amulet "Zodid" {Reflect *Drain +Inv MR+++
                  | SH+5} (You found it on level 5 of the Pits of Slime)
  5711 | Slime:5  | Identified the ring "Rosus" {rPois rF+ MR+} (You found it
                  | on level 5 of the Pits of Slime)
  5762 | Slime:5  | Noticed an acid blob
  5778 | Slime:2  | Gained mutation: You are occasionally teleported next to
                  | monsters. [a shining eye]
  5888 | Lair:4   | Identified the ring "Ixest" {Wiz rF+ rN+ Int+4} (You found
                  | it on level 5 of the Pits of Slime)
  6104 | D:12     | Noticed Nergalle
  6114 | D:12     | Killed Nergalle
  6124 | D:12     | Reached XP level 17. HP: 157/157 MP: 2/2
  6481 | D:13     | Found a large runed translucent door.
  6482 | D:13     | Found a large runed translucent door.
  6693 | D:13     | Reached skill level 10 in Armour
  6713 | D:15     | Entered Level 15 of the Dungeon
  6815 | D:15     | Reached skill level 10 in Dodging
  7069 | D:15     | Found a staircase to the Depths.
  7088 | Depths:1 | Entered Level 1 of the Depths
  7110 | Depths:1 | Found a gateway to Hell.
  7206 | Depths:2 | Reached skill level 12 in Evocations
  7207 | Depths:2 | Noticed a golden dragon
  7215 | Depths:2 | Reached skill level 15 in Invocations
  7219 | Depths:2 | Your magical essence is drained by the effort!
  7221 | Depths:2 | Hit by a large rock thrown by a stone giant

Illustrated notes

Levels and vault maps discovered:
D:1:      wander_arrival_estate, layout_basic
D:2:      layout_basic, minmay_stone_trees_small, uniq_jessica, uniq_robin
D:3:      layout_basic, uniq_terence
D:4:      minmay_recursive_quarters, layout_basic,
          nicolae_qazlal_style_of_elements, uniq_crazy_yiuf_cottage,
          uniq_duvessa, uniq_natasha
D:5:      layout_rooms, basic_altar, minivault_25, bloody_trog
D:6:      minmay_goblin_kobold_castle, layout_layer_cave, hangedman_decor_push
D:7:      layout_basic, dancing_weapons_uskayaw, serial_shops,
          nicolae_shop_stone, uniq_menkaure
D:8:      layout_gridville, old_standard_altar, uniq_psyche,
          uniq_prince_ribbit1, uniq_maggie
D:9:      layout_rooms, nicolae_ru_sacrificial_ziggurat,
          erik_lair_orcish_takeover, david_orc_3, serial_shops,
          nicolae_shop_competitors_out_of_business
D:10:     layout_loops_ring
D:11:     layout_long_grid, enter_bailey_2, gauntlet_entry_generic,
          serial_shops, nicolae_shop_temple_entry_statues_fountains, uniq_grum,
          uniq_fannar, uniq_sonja
D:12:     layout_small_grid, xom_confusion_cloud, uniq_nergalle
D:13:     doesnt_quadruple_sword, layout_grid_maze, serial_bayou_pond_b
D:14:     layout_basic, lightli_vaults_fourway_checkpoint, serial_park_paths
          [serial_park_minivault_5x5_8]
D:15:     hangedman_depths_entry_try_elsewhere_first, layout_basic,
          serial_bayou_ford_a
Temple:   eino_narrow_crystal_temple
Lair:1:   minmay_lair_venomous_thicket, layout_chaotic_city, serial_bayou_pond_b
Lair:2:   dpeg_oklob_shooting_range, layout_regular_city, swamp_mist
Lair:3:   wander_river, layout_gridlike, nicolae_spider_entry_non_spiders
Lair:4:   layout_cave_pods, basic_altar, grunt_megastairs_3,
          minmay_lair_oklob_chamber, uniq_rupert
Lair:5:   layout_small_grid, minmay_slime_entry_oklob_open, beast_lair_carwin_1
Swamp:1:  layout_basic_swamp, nicolae_swamp_triple_paths
Swamp:2:  layout_basic_swamp, lemuel_altar_in_water, swamp_pool4,
          infiniplex_staircase_pool
Swamp:3:  layout_basic_swamp, nicolae_swamp_rocky_clearing, swamp_pool5
Swamp:4:  swamp_alternative, layout_basic_swamp
Spider:1: layout_spider_delve, uniq_kirke, uniq_nikola
Spider:2: layout_spider_delve, hangedman_spider_tarantella_strand
Spider:3: layout_chambers, nicolae_spider_cling_ruins
Spider:4: grunt_spider_rune_circles
Slime:1:  layout_caves
Slime:2:  layout_caves, nicolae_slime_round_cave
Slime:3:  layout_caves
Slime:4:  layout_caves, cheibrodos_slime_lost_civilization_4
Slime:5
Orc:1:    layout_caves
Orc:2:    grunt_orc_community_town_hall, layout_caves,
          grunt_orc_community_big_house_1, grunt_orc_community_big_house_2,
          grunt_orc_community_house_2, grunt_orc_community_house_2,
          grunt_orc_community_house_3, grunt_orc_community_house_3,
          grunt_orc_community_house_3, grunt_orc_community_house_3,
          minmay_orc_treasury
Depths:1: layout_cave_pools, pf_hell_entry_tar_river, minmay_hedge_maze,
          grunt_pan_entry_zigzag, roderic_lattice_a, nicolae_rare_books,
          kennysheep_generic_room_5
Depths:2: minmay_dotted_concentric_squares, layout_cave_shapes,
          grunt_metal_band, small_statue_intersection, serial_shops, shop,
          minmay_statues_item

Skill      XL: |  1  2  3  4  5  6  7  8  9 10 11 12 13 14 15 16 17 |
---------------+----------------------------------------------------+-----
Axes           | 3 4 5 7 8 9 11 14 16 17 18 19 20 21 22 | 22.5
Invocations    | 3 4 6 9 10 11 12 13 14 15 | 15.0
Evocations     | 3 6 7 9 11 12 | 12.0
Fighting       | 3 5 7 8 9 10 11 | 11.5
Dodging        | 1 4 6 8 9 10 | 10.3
Armour         | 6 8 9 10 | 10.4
Shields        | |  3.2

Action                   |  1- 3 |  4- 6 |  7- 9 | 10-12 | 13-15 | 16-18 || total
-------------------------+-------+-------+-------+-------+-------+-------++-------
Melee: War axe           |    44 |    51 |   204 |   120 |       |       ||   419
       Executioner's axe |       |       |       |   330 |   548 |   440 ||  1318
       Headbutt          |       |       |       |     1 |   149 |   105 ||   255
Invok: Minor Destruction |       |       |     1 |       |       |       ||     1
       Lesser Servant of |       |       |       |     4 |     3 |     1 ||     8
       Greater Servant o |       |       |       |     2 |     4 |     2 ||     8
 Abil: Heal Wounds       |     1 |    14 |    17 |    37 |     8 |    20 ||    97
       Evoke Flight      |       |       |       |       |     8 |       ||     8
Evoke: Wand              |       |     9 |     7 |    22 |    47 |    18 ||   103
       Tin of tremorston |       |       |       |     5 |    12 |     5 ||    22
       Lightning rod     |       |       |       |     4 |    13 |       ||    17
       Box of beasts     |       |       |       |     1 |     8 |     9 ||    18
  Use: Scroll            |       |     5 |     2 |    11 |    13 |    14 ||    45
       Potion            |       |       |       |     9 |     7 |     4 ||    20
 Stab: Distracted        |       |       |       |     3 |     6 |     2 ||    11
       Paralysed         |       |       |       |       |    28 |       ||    28
       Confused          |       |       |       |       |     2 |       ||     2
Armor: Scale mail        |    37 |    27 |       |       |       |       ||    64
       Chain mail        |       |     1 |   200 |    52 |       |       ||   253
       Plate armour      |       |       |       |   356 |   514 |   270 ||  1140
       Skin              |       |       |       |       |    25 |       ||    25
       Acid dragon scale |       |       |       |       |    20 |    76 ||    96
Dodge: Dodged            |    25 |    21 |    79 |   213 |   401 |   356 ||  1095
Block: Kite shield       |    37 |    66 |   194 |    66 |       |       ||   363
       Other             |       |       |       |   157 |   208 |   138 ||   503
       Reflection        |       |       |       |     8 |     1 |     2 ||    11

Table legend: (Time is in decaauts)
 A = Elapsed time spent in this place.
 B = Non-inter-level travel time spent in this place.
 C = Inter-level travel time spent in this place.
 D = Time resting spent in this place.
 E = Time spent auto-exploring this place.
 F = Levels seen in this place.
 G = Mean time per level.
                   A        B        C        D        E       F      G
               +--------+--------+--------+--------+--------+-----+--------+
         Total |   7313 |   7063 |    250 |      0 |     28 |  40 |  182.8 |
       Dungeon |   2857 |   2708 |    149 |      0 |     28 |  15 |  190.5 |
        Temple |     12 |     12 |      0 |      0 |      0 |   1 |   12.0 |
          Lair |    980 |    958 |     22 |      0 |      0 |   5 |  196.0 |
         Swamp |    681 |    681 |      0 |      0 |      0 |   4 |  170.2 |
   Spider Nest |   1056 |   1007 |     49 |      0 |      0 |   4 |  264.0 |
    Slime Pits |    571 |    563 |      8 |      0 |      0 |   5 |  114.2 |
  Orcish Mines |    573 |    552 |     21 |      0 |      0 |   2 |  286.5 |
        Depths |    133 |    133 |      0 |      0 |      0 |   2 |   66.5 |
        Bailey |    249 |    249 |      0 |      0 |      0 |   1 |  249.0 |
      Gauntlet |    197 |    197 |      0 |      0 |      0 |   1 |  197.0 |
               +--------+--------+--------+--------+--------+-----+--------+

Top non-repeatable levels by time:
    D:13: 546 daAuts
Spider:4: 508 daAuts
    D:11: 468 daAuts
  Lair:4: 431 daAuts
    D:15: 371 daAuts
   Orc:2: 370 daAuts
    D:10: 361 daAuts
 Swamp:3: 269 daAuts
Spider:2: 260 daAuts
  Bailey: 249 daAuts
 Swamp:4: 234 daAuts
    D:12: 233 daAuts
     D:9: 232 daAuts
Spider:3: 221 daAuts
 Slime:5: 220 daAuts
